 Dungeon Crawl Stone Soup version 0.15-a0-2165-g9981db6 (webtiles) character file.

77 Conan321 the Magician (level 4, -2/27 HPs)
             Began as an Octopode Wizard on July 20, 2014.
             Slain by a small abomination (10 damage)
             ... on Level 1 of the Abyss.
             The game lasted 00:07:42 (1667 turns).

Conan321 the Magician (Octopode Wizard)             Turns: 1667, Time: 00:07:42

HP  -2/27        AC  1     Str  6      XL: 4   Next: 34%
MP   3/11        EV 12     Int 21      God:
Gold 178         SH  0     Dex 10      Spells:  4 memorised,  3 levels left

rFire  . . .     SeeInvis .     f - +2 short sword (elec)
rCold  . . .     Clarity  .     (no shield)
rNeg   . . .     rCorr    .     b - +0 hat
rPois  .         rRot     .     (no amulet)
rElec  .         Spirit   .     (no ring)
SustAb .         Warding  .     (no ring)
rMut   .         Stasis   .     (no ring)
Gourm  .                        (no ring)
MR     .....                    (no ring)
                                (no ring)
                                (no ring)
                                (no ring)

@: not resistant to hostile enchantments, fairly stealthy
A: almost no armour, amphibious, 8 rings, constrict 8, camouflage 1, gelatinous
body 1
a: no special abilities


You were on level 1 of the Abyss.
You were not hungry.

You visited 1 branch of the dungeon, and saw 2 of its levels.
You visited the Abyss 1 time.

You collected 178 gold pieces.

Inventory:

Hand weapons
 a - a +0 dagger of venom
 f - a +2 short sword of electrocution (weapon)
 u - a +0 hand axe of distortion
Missiles
 g - 33 stones
 k - 36 sling bullets
 l - 16 poisoned needles
 n - 15 arrows of flame
 o - 3 tomahawks (quivered)
 t - 19 arrows
Armour
 b - a +0 hat (worn)
Comestibles
 d - a bread ration
 h - 2 fruits
Scrolls
 i - a scroll of teleportation {unknown}
 p - 4 scrolls of amnesia {unknown}
 q - a scroll of identify {unknown}
 r - 3 scrolls of remove curse {unknown}
 w - a scroll of fog {unknown}
Potions
 e - a potion of agility {unknown}
 m - a potion of experience {unknown}
 v - a potion of curing {unknown}
Books
 c - a book of Minor Magic

   Spells                             Type                      Level
   *Magic Dart                        Conjuration                  1
   *Blink                             Translocation                2
   *Call Imp                          Summoning                    2
   Repel Missiles                     Charms/Air                   2
   Slow                               Hexes                        2
   Conjure Flame                      Conjuration/Fire             3
   *Mephitic Cloud                    Conjuration/Poison/Air       3
Miscellaneous
 s - a plain deck of changes


   Skills:
 + Level 0.2 Fighting
 + Level 2.4 Dodging
 + Level 3.0 Stealth
 + Level 4.1 Spellcasting
 + Level 1.8 Conjurations
 + Level 1.0 Summonings
 + Level 1.0 Translocations


You had 3 spell levels left.
You knew the following spells:

 Your Spells              Type           Power        Failure   Level  Hunger
a - Magic Dart            Conj           ##..         8%          1    None
b - Blink                 Tloc           N/A          12%         2    #......
c - Call Imp              Summ           #.......     12%         2    #......
d - Mephitic Cloud        Conj/Pois/Air  #.......     30%         3    ###....


Dungeon Overview and Level Annotations

Branches:
Dungeon (2/15)

Altars:
Nemelex Xobeh


Innate Abilities, Weirdness & Mutations

You cannot wear most types of armour.
You are amphibious.
You can wear up to eight rings at the same time.
You can use your tentacles to constrict many enemies at once.
Your skin changes colour to match your surroundings (Stealth).
Your rubbery body absorbs attacks (AC +1).


Message History

The small abomination hits you but does no damage.
Casting: Magic Dart
Confirm with . or Enter, or press ? or * to list all spells.
Aiming: Magic Dart
Press: ? - help, Shift-Dir - straight line, f/p - small abomination
Aim: a small abomination (severely damaged)
The magic dart hits the small abomination.
The small abomination is almost destroyed.
The small abomination hits you!!
Ouch! That really hurt!
* * * LOW HITPOINT WARNING * * *
Casting: Magic Dart
Confirm with . or Enter, or press ? or * to list all spells.
Aiming: Magic Dart
Press: ? - help, Shift-Dir - straight line, f/p - small abomination
Aim: a small abomination (almost destroyed)
The magic dart hits the small abomination.
The small abomination is almost destroyed.
The small abomination hits you!
You die...

# .. . .###..
.#. ##... .#.#
#..# #...#
####.@# #...
#. #x## ..
#w5..4#.## .#
#.#..###.#
#..#
#..#...##...#
#.##.#.#.#.##.
#. ..#.#.#.#
#..##.#..# .#
...# ## .. . #


You could see a hellwing and a small abomination.

Vanquished Creatures
  A crimson imp (Abyss:1)
  An adder (D:2)
  An ufetubus (Abyss:1)
  A giant gecko (D:1)
  2 bats (D:1)
  5 goblins (D:1)
  7 hobgoblins (D:1)
  3 jackals (D:1)
  3 kobolds (D:1)
  2 ball pythons
  5 rats
31 creatures vanquished.

Vanquished Creatures (others)
  2 white imps (Abyss:1)
2 creatures vanquished.

Grand Total: 33 creatures vanquished

Notes
Turn   | Place    | Note
--------------------------------------------------------------
     0 | D:1      | Conan321, the Octopode Wizard, began the quest for the Orb.
     0 | D:1      | Reached XP level 1. HP: 11/11 MP: 4/4
   129 | D:1      | Reached XP level 2. HP: 6/17 MP: 0/6
   949 | D:1      | Reached XP level 3. HP: 19/21 MP: 5/8
  1312 | D:2      | Learned a level 2 spell: Blink
  1315 | D:2      | Learned a level 2 spell: Call Imp
  1319 | D:2      | Learned a level 3 spell: Mephitic Cloud
  1369 | D:2      | Found a sparkling altar of Nemelex Xobeh.
  1468 | D:2      | Cast into the Abyss (a distortion unwield)
  1552 | Abyss:1  | Reached skill level 4 in Spellcasting
  1552 | Abyss:1  | Reached XP level 4. HP: 27/27 MP: 9/11
  1575 | Abyss:1  | Noticed a starcursed mass
  1648 | Abyss:1  | Noticed a hellwing
  1656 | Abyss:1  | Noticed a small abomination
  1662 | Abyss:1  | Noticed a brain worm
  1667 | Abyss:1  | Slain by a small abomination

Action                   |  1- 3 |  4- 6 || total
-------------------------+-------+-------++-------
Melee: Short sword       |    10 |       ||    10
       Unarmed           |     2 |       ||     2
 Cast: Magic Dart        |    64 |     7 ||    71
       Call Imp          |       |     3 ||     3
  Use: Potion            |     1 |       ||     1
  Eat: Chunk             |     1 |       ||     1
       Pizza             |       |     1 ||     1
